Map: Neon Violet Square LE

Players

Zest - Winner!

  • Race: Protoss Protoss
  • League: Master
  • Spawn Location: 5:00

NightEnD

  • Race: Protoss Protoss
  • League: Master
  • Spawn Location: 11:00

Event: HomeStory Cup XVI

VOD

Have the link to the VOD?

Description

Time

  • Played on: Nov. 10, 2017, 12:47 p.m.
  • Length: 9:33

All games in this series

Show
View Real Time Build Order
Export as new Build Order

Zest Protoss - Winner!

Build Orders: Oracle Opening, Blink Stalkers 

Get SALT Encoding   

  12  0:02  Probe (Chrono Boost)  
  14  0:14  Probe (Chrono Boost)  
  14  0:18  Pylon  
  14  0:26  Probe (Chrono Boost)  
  15  0:32  Probe (Chrono Boost)  
  15  0:38  Gateway  
  15  0:41  Probe (Chrono Boost)  
  17  0:46  Assimilator  
  17  0:53  Probe (Chrono Boost)  
  17  0:55  Assimilator  
  18  0:59  Probe (Chrono Boost)  
  19  1:07  Probe (Chrono Boost)  
  20  1:12  Gateway  
  21  1:19  Probe (Chrono Boost)  
  21  1:25  Cybernetics Core  
  21  1:31  Probe (Chrono Boost)  
  22  1:34  Pylon  
  22  1:43  Probe (Chrono Boost)  
  23  1:51  Warp Gate  
  24  1:55  Probe (Chrono Boost)  
  24  2:08  Pylon  
  28  2:27  Nexus  
  24  2:31  Stargate  
  24  2:34  Sentry  
  26  2:40  Probe (Chrono Boost)  
  28  2:52  Probe (Chrono Boost)  
  28  3:04  Oracle, Probe (Chrono Boost)  
  29  3:14  Twilight Council  
  29  3:16  Probe (Chrono Boost)  
  34  3:28  Probe (Chrono Boost)  
  34  3:29  Oracle  
  34  3:38  Blink  
  34  3:40  Probe (Chrono Boost)  
  39  3:41  Probe (Chrono Boost)  
  39  3:52  Probe (Chrono Boost)  
  39  3:53  Probe (Chrono Boost)  
  41  3:57  Gateway x2  
  41  4:04  Probe (Chrono Boost)  
  41  4:05  Probe (Chrono Boost)  
  43  4:16  Probe (Chrono Boost)  
  45  4:17  Probe (Chrono Boost)  
  45  4:27  Pylon  
  45  4:28  Stalker x2, Probe (Chrono Boost)  
  45  4:30  Probe (Chrono Boost), Pylon  
  51  4:41  Probe (Chrono Boost)  
  51  4:42  Probe (Chrono Boost)  
  53  4:54  Assimilator  
  53  4:55  Stalker x4  
  53  4:58  Assimilator  
  53  4:59  Probe (Chrono Boost)  
  63  5:04  Pylon  
  62  5:19  Stalker x2  
  66  5:25  Stalker  
  66  5:26  Stalker  
  72  5:29  Probe x2 (Chrono Boost)  
  72  5:30  Nexus  
  70  5:59  Stalker x4  
  70  6:03  Pylon  
  78  6:04  Pylon  
  78  6:27  Sentry x2  
  78  6:29  Robotics Facility  
  78  6:30  Gateway  
  78  6:31  Charge  
  82  6:33  Gateway  
  82  6:36  Gateway  
  82  6:51  Gateway  
  82  6:52  Forge  
  82  6:59  Zealot x4  
  90  7:01  Probe x2 (Chrono Boost)  
  90  7:02  Probe (Chrono Boost)  
  90  7:08  Probe x3 (Chrono Boost)  
  93  7:11  Observer  
  93  7:12  Protoss Ground Weapons Level 1  
  96  7:19  Shield Battery  
  96  7:20  Probe x2 (Chrono Boost), Pylon  
  99  7:25  Templar Archives  
  99  7:27  Photon Cannon  
  99  7:32  Immortal  
  103  7:38  Pylon  
  103  7:41  Pylon  
  99  7:54  Zealot  
  99  7:55  Zealot x6  
  111  8:04  Warp Prism  
  105  8:16  High Templar x4  
  105  8:17  Zealot x4  
  123  8:22  Assimilator  
  123  8:24  Assimilator, Archon  
  123  8:25  Archon  
  123  8:47  Nexus  
  120  8:49  Pylon  
  120  8:52  Pylon  
  120  8:59  High Templar  
  120  9:00  High Templar x3, Zealot x2  
  132  9:03  Archon  
  132  9:04  Archon  
  132  9:05  Pylon  
  127  9:31  Stalker x4  
  127  9:32  Stalker  
Show
View Real Time Build Order
Export as new Build Order

NightEnD Protoss 

Build Orders:  

Get SALT Encoding   

  12  0:02  Probe (Chrono Boost)  
  14  0:14  Probe (Chrono Boost)  
  14  0:19  Pylon  
  14  0:26  Probe (Chrono Boost)  
  15  0:33  Probe (Chrono Boost)  
  15  0:40  Gateway  
  15  0:41  Probe (Chrono Boost)  
  16  0:48  Assimilator  
  17  0:53  Probe (Chrono Boost)  
  17  0:56  Assimilator  
  19  1:06  Probe (Chrono Boost)  
  19  1:10  Gateway  
  19  1:18  Probe (Chrono Boost)  
  20  1:26  Cybernetics Core  
  20  1:30  Probe (Chrono Boost)  
  21  1:37  Pylon  
  21  1:42  Probe (Chrono Boost)  
  21  1:45  Warp Gate  
  22  1:53  Sentry  
  23  1:54  Probe (Chrono Boost)  
  23  2:08  Sentry  
  27  2:23  Pylon  
  27  2:32  Nexus  
  27  2:38  Stalker  
  29  2:46  Stalker  
  32  2:51  Probe (Chrono Boost)  
  32  2:55  Shield Battery  
  32  3:03  Probe (Chrono Boost)  
  33  3:15  Robotics Facility  
  33  3:17  Probe (Chrono Boost)  
  34  3:29  Probe (Chrono Boost)  
  36  3:41  Probe (Chrono Boost)  
  36  3:46  Probe (Chrono Boost)  
  37  3:49  Stalker x2  
  37  3:52  Probe (Chrono Boost)  
  37  3:53  Probe (Chrono Boost)  
  37  3:54  Shield Battery  
  42  4:00  Probe (Chrono Boost)  
  44  4:05  Probe (Chrono Boost)  
  45  4:12  Observer, Probe (Chrono Boost)  
  45  4:14  Stalker  
  50  4:18  Probe (Chrono Boost)  
  50  4:21  Pylon  
  51  4:24  Probe (Chrono Boost)  
  51  4:25  Twilight Council  
  51  4:28  Probe (Chrono Boost)  
  48  4:38  Probe (Chrono Boost)  
  48  4:40  Stalker, Probe (Chrono Boost)  
  48  4:42  Stalker  
  53  4:48  Probe (Chrono Boost)  
  53  4:51  Probe (Chrono Boost)  
  53  4:52  Blink  
  55  4:55  Probe (Chrono Boost)  
  56  5:02  Pylon  
  56  5:03  Probe (Chrono Boost)  
  56  5:05  Observer  
  58  5:07  Probe (Chrono Boost)  
  58  5:08  Stalker  
  58  5:12  Probe (Chrono Boost)  
  61  5:15  Forge  
  61  5:18  Probe (Chrono Boost)  
  61  5:19  Probe (Chrono Boost)  
  63  5:31  Probe x2 (Chrono Boost)  
  63  5:35  Stalker x2  
  70  5:43  Probe (Chrono Boost)  
  68  5:55  Photon Cannon  
  68  5:56  Pylon  
  64  5:58  Photon Cannon  
  64  6:02  Pylon  
  64  6:03  Protoss Ground Weapons Level 1  
  64  6:06  Observer, Pylon  
  64  6:14  Gateway x2  
  64  6:17  Stalker x2  
  68  6:23  Probe x2 (Chrono Boost)  
  70  6:27  Assimilator  
  70  6:31  Assimilator  
  66  6:35  Pylon  
  66  6:38  Probe (Chrono Boost)  
  63  6:42  Stalker x2  
  63  6:46  Observer  
  68  6:47  Observer  
  68  6:49  Probe (Chrono Boost)  
  69  6:57  Nexus  
  69  7:06  Stalker x2  
  73  7:12  Stalker x2  
  79  7:16  Probe x2 (Chrono Boost)  
  79  7:23  Gateway  
  79  7:25  Gateway  
  79  7:28  Probe (Chrono Boost)  
  79  7:29  Probe (Chrono Boost)  
  81  7:34  Stalker x2  
  81  7:36  Stalker  
  87  7:40  Probe (Chrono Boost)  
  87  7:41  Probe (Chrono Boost)  
  87  7:46  Stalker  
  87  7:55  Probe (Chrono Boost)  
  87  7:58  Probe (Chrono Boost)  
  86  8:08  Probe (Chrono Boost)  
  86  8:10  Probe (Chrono Boost)  
  84  8:17  Gateway  
  84  8:19  Stalker, Gateway  
  87  8:20  Stalker x2  
  87  8:21  Gateway  
  87  8:25  Assimilator  
  91  8:28  Assimilator  
  91  8:31  Templar Archives  
  90  8:38  Pylon  
  90  8:41  Pylon  
  90  8:45  Pylon  
  90  8:55  Photon Cannon  
  90  8:59  Stalker x4  
  90  9:00  Stalker  
  100  9:06  Photon Cannon  
  95  9:23  High Templar x4  
  95  9:24  Stalker x3  
Tags
 
Add a new tag
Caveats
  • Supply blocks, unpowered buildings, or Contaminate may cause inaccurate times.
  • Supply counts are checked every 10 seconds.